[Event "EYTCC Open U18 2022"]
[Site "Thessaloniki"]
[Date "2022.07.12"]
[Round "1.1"]
[White "Svane, Frederik"]
[Black "Subelj, Jan"]
[Result "1/2-1/2"]
[ECO "C77"]
[WhiteElo "2521"]
[BlackElo "2498"]
[Annotator "ChessBase"]
[PlyCount "124"]
[EventDate "2022.07.12"]
[EventType "team-tourn"]
[EventCountry "GRE"]
[SourceTitle "playchess.com"]
[Source "ChessBase"]
[SourceQuality "1"]
[WhiteTeam "Germany"]
[BlackTeam "Slovenia"]
[WhiteTeamCountry "GER"]
[BlackTeamCountry "SLO"]
[TimeControl "40/5400+30:1800+30"]

1. e4 e5 2. Nf3 Nc6 3. Bb5 a6 4. Ba4 Nf6 5. O-O b5 6. Bb3 Bc5 7. Nc3 O-O 8. a4 Rb8 9. axb5 axb5 10. Nd5 Nxe4 11. d3 Nf6 12. Bg5 Be7 13. Nxe7+ Qxe7 14. Re1 h6 15. Bh4 Bb7 16. d4 e4 17. d5 Ne5 18. Rxe4 Nxf3+ 19. gxf3 Qd6 20. Rd4 Ra8 21. Rxa8 Rxa8 22. Bg3 Qb6 23. Kg2 Re8 24. Qd3 c5 25. dxc6 Bxc6 26. Rd6 Kh8 27. Bxf7 Re7 28. Bb3 Qc5 29. Qg6 Qg5 30. Qxg5 hxg5 31. h3 Kh7 32. Rd3 Re1 33. Re3 Rd1 34. c4 Rd2 35. cxb5 Bxb5 36. Re5 Bc6 37. Rxg5 Rxb2 38. Bf7 Rb5 39. h4 Rxg5 40. hxg5 Bd5 41. Bxd5 Nxd5 42. Kh3 Ne7 43. Kg4 g6 44. Kf4 Nf5 45. Ke5 Kg7 46. Kd5 Kf7 47. Ke5 d6+ 48. Kd5 Ke7 49. Bf4 Kd7 50. Bd2 Ne7+ 51. Ke4 Ke6 52. f4 Nf5 53. Bc3 d5+ 54. Kd3 Nd6 55. Be5 Ne4 56. Kd4 Nxf2 57. f5+ Kxf5 58. Kxd5 Kxg5 59. Bd4 Nh3 60. Ke4 Kg4 61. Bf6 g5 62. Bxg5 Nxg5+ 1/2-1/2

[Event "EYTCC Open U18 2022"]
[Site "Thessaloniki"]
[Date "2022.07.12"]
[Round "1.2"]
[White "Marn, Jan"]
[Black "Koellner, Ruben Gideon"]
[Result "1-0"]
[ECO "A55"]
[WhiteElo "2282"]
[BlackElo "2422"]
[Annotator "ChessBase"]
[PlyCount "107"]
[EventDate "2022.07.12"]
[EventType "team-tourn"]
[EventCountry "GRE"]
[SourceTitle "playchess.com"]
[Source "ChessBase"]
[SourceQuality "1"]
[WhiteTeam "Slovenia"]
[BlackTeam "Germany"]
[WhiteTeamCountry "SLO"]
[BlackTeamCountry "GER"]
[TimeControl "40/5400+30:1800+30"]

1. d4 d6 2. Nf3 Nf6 3. g3 Nbd7 4. Bg2 e5 5. c4 c6 6. Nc3 Be7 7. O-O O-O 8. e4 a6 9. a4 a5 10. h3 Qc7 11. Be3 Re8 12. Qc2 Bf8 13. Rad1 h6 14. Rfe1 Nb8 15. c5 dxc5 16. dxe5 Nfd7 17. Bf4 Qd8 18. h4 Qe7 19. Rd6 Na6 20. Qb3 Nb4 21. e6 fxe6 22. Red1 Nf6 23. Ne5 Nh5 24. Ng6 Qf7 25. Nxf8 Nxf4 26. Nd7 Nfd3 27. Nb6 Qxf2+ 28. Kh2 c4 29. Nxc4 Nc5 30. Qa3 Nc2 31. Qa2 Ne1 32. Rxe1 Qxe1 33. Nb6 Rb8 34. Qc4 Na6 35. Qd4 Kh7 36. e5 c5 37. Qd3+ Kg8 38. Qg6 Rf8 39. Be4 Qf2+ 40. Kh3 Qf1+ 41. Kg4 Rf5 42. Rd8+ Rf8 43. Qh7+ Kf7 44. Rxf8+ Kxf8 45. Bg6 h5+ 46. Qxh5 Nc7 47. Qh8+ Ke7 48. Nxc8+ Kd7 49. Nb6+ Kc6 50. Qxb8 Kxb6 51. Be4 Nd5 52. Qd6+ Ka7 53. Nb5+ Ka8 54. Qd8# 1-0

[Event "EYTCC Open U18 2022"]
[Site "Thessaloniki"]
[Date "2022.07.12"]
[Round "1.3"]
[White "Koelle, Tobias"]
[Black "Nareks, Matic"]
[Result "1-0"]
[ECO "A42"]
[WhiteElo "2436"]
[BlackElo "2221"]
[Annotator "ChessBase"]
[PlyCount "145"]
[EventDate "2022.07.12"]
[EventType "team-tourn"]
[EventCountry "GRE"]
[SourceTitle "playchess.com"]
[Source "ChessBase"]
[SourceQuality "1"]
[WhiteTeam "Germany"]
[BlackTeam "Slovenia"]
[WhiteTeamCountry "GER"]
[BlackTeamCountry "SLO"]
[TimeControl "40/5400+30:1800+30"]

1. d4 d6 2. c4 e5 3. d5 g6 4. e4 Bg7 5. Nc3 Nh6 6. h4 Na6 7. Bd3 Qe7 8. Bc2 Bd7 9. a3 f6 10. Bd2 Nf7 11. h5 f5 12. hxg6 hxg6 13. Rxh8+ Bxh8 14. Qe2 O-O-O 15. b4 Bf6 16. Be3 Bg5 17. Nf3 Rh8 18. O-O-O Bxe3+ 19. Qxe3 b6 20. Bd3 Kb7 21. Kc2 f4 22. Qe2 Nb8 23. a4 Bg4 24. a5 Ng5 25. axb6 axb6 26. Ra1 Na6 27. Kb3 Ra8 28. Ra3 Bxf3 29. gxf3 Nb8 30. Rxa8 Kxa8 31. Qa2+ Kb7 32. Be2 Qd7 33. Nb5 Na6 34. Nc3 Nb8 35. c5 dxc5 36. bxc5 bxc5 37. Qa5 Qd6 38. Na4 Kc8 39. Kc2 c4 40. Qb5 Nd7 41. Qxc4 Kd8 42. Qc3 Ke7 43. Kd1 Kf6 44. Bb5 Nf7 45. Ke1 g5 46. Kf1 Nf8 47. Nc5 Qb6 48. Bd3 Ke7 49. Na4 Qd6 50. Qa5 Nh6 51. Nb2 Qb6 52. Qa3+ Qd6 53. Qc3 Nd7 54. Na4 g4 55. Bb5 Nf6 56. fxg4 Nhxg4 57. f3 Ne3+ 58. Ke2 Nh5 59. Nc5 Ng3+ 60. Ke1 Ng2+ 61. Kd2 c6 62. Bxc6 Nf1+ 63. Ke2 Ng3+ 64. Kf2 Ne3 65. Qa5 Qb8 66. Nb7 Kf6 67. Qa6 Kg5 68. Qb6 Nc4 69. Qc5 Nd6 70. Qxd6 Qa7+ 71. Kg2 Qa2+ 72. Kh3 Qa1 73. Qe7+ 1-0

[Event "EYTCC Open U18 2022"]
[Site "Thessaloniki"]
[Date "2022.07.12"]
[Round "1.4"]
[White "Lavrencic, Matic"]
[Black "Krastev, Alexander"]
[Result "1-0"]
[ECO "B27"]
[WhiteElo "2151"]
[BlackElo "2435"]
[Annotator "ChessBase"]
[PlyCount "97"]
[EventDate "2022.07.12"]
[EventType "team-tourn"]
[EventCountry "GRE"]
[SourceTitle "playchess.com"]
[Source "ChessBase"]
[SourceQuality "1"]
[WhiteTeam "Slovenia"]
[BlackTeam "Germany"]
[WhiteTeamCountry "SLO"]
[BlackTeamCountry "GER"]
[TimeControl "40/5400+30:1800+30"]

1. e4 c5 2. Nf3 g6 3. d4 Bg7 4. c3 cxd4 5. cxd4 d5 6. e5 Bg4 7. Bb5+ Nd7 8. O-O e6 9. Nbd2 Ne7 10. h3 Bxf3 11. Nxf3 O-O 12. h4 Nc6 13. h5 Qb6 14. Ba4 Rfc8 15. Qe2 Qb4 16. Bxc6 bxc6 17. Be3 c5 18. Rfc1 c4 19. h6 Bf8 20. Rc2 Qa4 21. g4 Rab8 22. Kg2 Rc6 23. b3 cxb3 24. Rxc6 b2 25. Rb1 Qxc6 26. Rxb2 Nb6 27. g5 Qc7 28. Qa6 Nc4 29. Rxb8 Qxb8 30. Bf4 Bb4 31. Qc6 Ba5 32. Nh2 Bb4 33. Ng4 Be7 34. Qd7 Kf8 35. Nf6 Bxf6 36. exf6 Qa8 37. Qe7+ Kg8 38. Qc7 a5 39. Bd6 a4 40. Kg3 Na5 41. Qd7 Nc6 42. Bc5 e5 43. Qxd5 exd4 44. Bxd4 Qb8+ 45. Kg2 Qc8 46. Qe4 Nb4 47. a3 Nc2 48. Bb2 Kf8 49. Kg1 1-0

[Event "EYTCC Open U18 2022"]
[Site "Thessaloniki"]
[Date "2022.07.12"]
[Round "1.5"]
[White "Risteski, Emil"]
[Black "Milikow, Yoav"]
[Result "1/2-1/2"]
[ECO "C54"]
[WhiteElo "2405"]
[BlackElo "2452"]
[Annotator "ChessBase"]
[PlyCount "194"]
[EventDate "2022.07.12"]
[EventType "team-tourn"]
[EventCountry "GRE"]
[SourceTitle "playchess.com"]
[Source "ChessBase"]
[SourceQuality "1"]
[WhiteTeam "Macedonia"]
[BlackTeam "Israel"]
[WhiteTeamCountry "MKD"]
[BlackTeamCountry "ISR"]
[TimeControl "40/5400+30:1800+30"]

1. e4 e5 2. Nf3 Nc6 3. Bc4 Nf6 4. d3 Bc5 5. O-O d6 6. c3 a5 7. Re1 O-O 8. h3 h6 9. Nbd2 Be6 10. Bb5 Qb8 11. Nf1 Qa7 12. d4 exd4 13. Bxc6 dxc3 14. Ba4 Bxf2+ 15. Kh2 Bxe1 16. Qxe1 d5 17. Be3 Qa6 18. e5 Ne4 19. bxc3 f6 20. Ng3 fxe5 21. Nxe4 dxe4 22. Nd2 Qd3 23. Rc1 Bxa2 24. Bc2 Qd6 25. c4 a4 26. Bxe4 c6 27. Ra1 Bb3 28. Nxb3 axb3 29. Rd1 Qf6 30. Qb4 Qh4 31. c5 Kh8 32. Rb1 Ra2 33. Rxb3 Re2 34. Qc4 Re1 35. Bd3 e4 36. Qxe4 Qxe4 37. Bxe4 Re8 38. Bf3 R8xe3 39. Rxb7 Rc3 40. Bxc6 Rxc5 41. Bf3 Rce5 42. Rb4 Kh7 43. Rc4 Re7 44. Rb4 g6 45. Rd4 Kg7 46. Rb4 Rf1 47. Rd4 Kh7 48. Rb4 Kg7 49. Rd4 Rf7 50. Rb4 h5 51. h4 Rc7 52. Ra4 Rfc1 53. Rb4 R7c4 54. Rxc4 Rxc4 55. g3 Rc2+ 56. Kg1 Kf6 57. Be4 Re2 58. Bf3 Rc2 59. Be4 Rb2 60. Bf3 Kf5 61. Kf1 Ke5 62. Kg1 Kd4 63. Kf1 Ke3 64. Ba8 Rd2 65. Bc6 Rd6 66. Bb7 Rf6+ 67. Kg1 Rf5 68. Bc6 Rc5 69. Bb7 Rc4 70. Kg2 Rc2+ 71. Kg1 Rc5 72. Kg2 g5 73. hxg5 Rxg5 74. Kh3 Kf2 75. Kh4 Rxg3 76. Kxh5 Ke3 77. Kh6 Kd4 78. Kh7 Ke5 79. Kh8 Kf6 80. Be4 Rg7 81. Bd3 Kf7 82. Bh7 Rg4 83. Bc2 Rh4+ 84. Bh7 Rb4 85. Bg8+ Kf8 86. Bh7 Rg4 87. Bc2 Rg2 88. Be4 Rg4 89. Bc2 Kf7 90. Bb3+ Kg6 91. Bc2+ Kh6 92. Bb3 Rb4 93. Bg8 Rb7 94. Bd5 Rd7 95. Bb3 Rc7 96. Bd5 Rc8+ 97. Bg8 Ra8 1/2-1/2

[Event "EYTCC Open U18 2022"]
[Site "Thessaloniki"]
[Date "2022.07.12"]
[Round "1.7"]
[White "Jordanov, Mihail"]
[Black "Ben Ari, Yannay"]
[Result "0-1"]
[ECO "B53"]
[WhiteElo "2158"]
[BlackElo "2411"]
[Annotator "ChessBase"]
[PlyCount "56"]
[EventDate "2022.07.12"]
[EventType "team-tourn"]
[EventCountry "GRE"]
[SourceTitle "playchess.com"]
[Source "ChessBase"]
[SourceQuality "1"]
[WhiteTeam "Macedonia"]
[BlackTeam "Israel"]
[WhiteTeamCountry "MKD"]
[BlackTeamCountry "ISR"]
[TimeControl "40/5400+30:1800+30"]

1. e4 c5 2. Nf3 d6 3. d4 cxd4 4. Qxd4 Nc6 5. Qe3 g6 6. Be2 Bg7 7. O-O Nf6 8. h3 O-O 9. Rd1 Be6 10. Ng5 Qc8 11. Nxe6 fxe6 12. c4 Nd7 13. Na3 Nc5 14. Rb1 a6 15. b3 Qe8 16. Bb2 e5 17. Nc2 Qf7 18. b4 Ne6 19. c5 Ned4 20. Nxd4 Nxd4 21. cxd6 exd6 22. Rbc1 Bh6 23. Bc4 Bxe3 24. Bxf7+ Rxf7 25. fxe3 Ne2+ 26. Kh2 Nxc1 27. Rxc1 Rf2 28. Bc3 Rc8 0-1

[Event "EYTCC Open U18 2022"]
[Site "Thessaloniki"]
[Date "2022.07.12"]
[Round "1.8"]
[White "Kochavi, Ori"]
[Black "Zlatkov, Anton"]
[Result "1/2-1/2"]
[ECO "B58"]
[WhiteElo "2364"]
[BlackElo "2149"]
[Annotator "ChessBase"]
[PlyCount "69"]
[EventDate "2022.07.12"]
[EventType "team-tourn"]
[EventCountry "GRE"]
[SourceTitle "playchess.com"]
[Source "ChessBase"]
[SourceQuality "1"]
[WhiteTeam "Israel"]
[BlackTeam "Macedonia"]
[WhiteTeamCountry "ISR"]
[BlackTeamCountry "MKD"]
[TimeControl "40/5400+30:1800+30"]

1. e4 c5 2. Nf3 d6 3. d4 cxd4 4. Nxd4 Nf6 5. Nc3 Nc6 6. Be2 e5 7. Nf3 h6 8. O-O Be7 9. Re1 Be6 10. Bf1 O-O 11. Nd5 Bxd5 12. exd5 Nb4 13. c4 a5 14. a3 Na6 15. Rb1 Nd7 16. b4 axb4 17. axb4 b6 18. Qb3 f5 19. Bb2 Bf6 20. Ra1 Nc7 21. Rxa8 Qxa8 22. Ra1 Qb7 23. Qa4 b5 24. Qa7 Qb6 25. c5 dxc5 26. Qxb6 Nxb6 27. d6 Ne6 28. bxc5 Nxc5 29. Bxe5 Nc4 30. Rc1 Ne4 31. Bxc4+ bxc4 32. Rxc4 Bxe5 33. Nxe5 Nxd6 34. Rc6 Rc8 35. Rxc8+ 1/2-1/2

[Event "EYTCC Open U18 2022"]
[Site "Thessaloniki"]
[Date "2022.07.12"]
[Round "1.9"]
[White "Baum, Jonasz"]
[Black "Bilych, Olexiy"]
[Result "1/2-1/2"]
[ECO "D41"]
[WhiteElo "2410"]
[BlackElo "2365"]
[Annotator "ChessBase"]
[PlyCount "62"]
[EventDate "2022.07.12"]
[EventType "team-tourn"]
[EventCountry "GRE"]
[SourceTitle "playchess.com"]
[Source "ChessBase"]
[SourceQuality "1"]
[WhiteTeam "Poland"]
[BlackTeam "Ukraine"]
[WhiteTeamCountry "POL"]
[BlackTeamCountry "UKR"]
[TimeControl "40/5400+30:1800+30"]

1. d4 Nf6 2. c4 e6 3. Nf3 d5 4. Nc3 c5 5. cxd5 cxd4 6. Qxd4 exd5 7. e4 dxe4 8. Qxd8+ Kxd8 9. Ng5 Be6 10. Nxe6+ fxe6 11. Bc4 Ke7 12. Bg5 Nc6 13. Nxe4 Kf7 14. Nxf6 Bb4+ 15. Bd2 Bxd2+ 16. Kxd2 Kxf6 17. Rac1 Rhd8+ 18. Ke3 Rd6 19. Rhd1 Rad8 20. Rxd6 Rxd6 21. Bd3 Nb4 22. Be4 Nd5+ 23. Bxd5 Rxd5 24. Rc7 Rb5 25. b3 a5 26. Kd4 a4 27. bxa4 Rb2 28. Ke3 Rxa2 29. Rxb7 Rxa4 30. g3 h5 31. h4 g6 1/2-1/2

[Event "EYTCC Open U18 2022"]
[Site "Thessaloniki"]
[Date "2022.07.12"]
[Round "1.10"]
[White "Prokofiev, Valentyn"]
[Black "Czopor, Maciej"]
[Result "1-0"]
[ECO "E14"]
[WhiteElo "2286"]
[BlackElo "2415"]
[Annotator "ChessBase"]
[PlyCount "75"]
[EventDate "2022.07.12"]
[EventType "team-tourn"]
[EventCountry "GRE"]
[SourceTitle "playchess.com"]
[Source "ChessBase"]
[SourceQuality "1"]
[WhiteTeam "Ukraine"]
[BlackTeam "Poland"]
[WhiteTeamCountry "UKR"]
[BlackTeamCountry "POL"]
[TimeControl "40/5400+30:1800+30"]

1. d4 Nf6 2. c4 e6 3. Nf3 b6 4. e3 Bb7 5. Bd3 d5 6. b3 Bd6 7. O-O O-O 8. Bb2 Nbd7 9. Nc3 a6 10. Rc1 Qe7 11. Na4 dxc4 12. bxc4 c5 13. Ne5 Rfd8 14. f4 Rac8 15. Qe2 cxd4 16. exd4 b5 17. cxb5 Rxc1 18. Rxc1 Nd5 19. Qf2 Nb4 20. Bc4 axb5 21. Bxb5 Nxe5 22. fxe5 Bb8 23. Ba3 Ba7 24. Nc5 Nd5 25. Rf1 Ba8 26. Kh1 h6 27. Bd3 f5 28. exf6 Nxf6 29. Qh4 Rd5 30. Ne4 Qxa3 31. Nxf6+ gxf6 32. Qxf6 Qxd3 33. Qf8+ Kh7 34. Rf7+ Kg6 35. Rg7+ Kh5 36. Qf7+ Kh4 37. Qf4+ Kh5 38. Qg4# 1-0

[Event "EYTCC Open U18 2022"]
[Site "Thessaloniki"]
[Date "2022.07.12"]
[Round "1.11"]
[White "Klimkowski, Jan"]
[Black "Hulka, Valentyn"]
[Result "1/2-1/2"]
[ECO "B33"]
[WhiteElo "2398"]
[BlackElo "2123"]
[Annotator "ChessBase"]
[PlyCount "92"]
[EventDate "2022.07.12"]
[EventType "team-tourn"]
[EventCountry "GRE"]
[SourceTitle "playchess.com"]
[Source "ChessBase"]
[SourceQuality "1"]
[WhiteTeam "Poland"]
[BlackTeam "Ukraine"]
[WhiteTeamCountry "POL"]
[BlackTeamCountry "UKR"]
[TimeControl "40/5400+30:1800+30"]

1. e4 c5 2. Nf3 Nc6 3. d4 cxd4 4. Nxd4 Nf6 5. Nc3 e5 6. Ndb5 d6 7. a4 a6 8. Na3 Bg4 9. Be2 Bxe2 10. Qxe2 d5 11. O-O d4 12. Nd1 Be7 13. f4 Rc8 14. Nf2 Nd7 15. Nd3 O-O 16. Nc4 exf4 17. Bxf4 Nb6 18. Nxb6 Qxb6 19. Bd2 Bd6 20. Kh1 Ne5 21. Bf4 Nxd3 22. cxd3 Bxf4 23. Rxf4 Qb3 24. e5 Rc2 25. Qe4 Qxa4 26. Raf1 Qc6 27. Qxc6 Rxc6 28. Rxd4 Re6 29. Rd7 Rxe5 30. Rxb7 Re2 31. h3 g6 32. b4 Rd2 33. Rf3 f5 34. Re3 Rf7 35. Rb6 Rb2 36. d4 Rd7 37. d5 f4 38. Rd3 f3 39. Rxf3 Rxd5 40. Rb7 Rd1+ 41. Kh2 Rdd2 42. Rg3 Rf2 43. Rg4 a5 44. b5 Rf7 45. Rb8+ Rf8 46. Rb7 Rf7 1/2-1/2

[Event "EYTCC Open U18 2022"]
[Site "Thessaloniki"]
[Date "2022.07.12"]
[Round "1.12"]
[White "Podolskyi, Mykhailo"]
[Black "Seemann, Jakub"]
[Result "0-1"]
[ECO "E81"]
[WhiteElo "2025"]
[BlackElo "2382"]
[Annotator "ChessBase"]
[PlyCount "88"]
[EventDate "2022.07.12"]
[EventType "team-tourn"]
[EventCountry "GRE"]
[SourceTitle "playchess.com"]
[Source "ChessBase"]
[SourceQuality "1"]
[WhiteTeam "Ukraine"]
[BlackTeam "Poland"]
[WhiteTeamCountry "UKR"]
[BlackTeamCountry "POL"]
[TimeControl "40/5400+30:1800+30"]

1. d4 Nf6 2. c4 g6 3. Nc3 Bg7 4. e4 d6 5. Nge2 O-O 6. f3 a6 7. Be3 b5 8. cxb5 axb5 9. Nxb5 c6 10. Nbc3 Nbd7 11. Nf4 e5 12. dxe5 Nxe5 13. Be2 d5 14. O-O Re8 15. Bc5 Ned7 16. Bf2 dxe4 17. fxe4 Nxe4 18. Nxe4 Rxe4 19. Nd3 Ba6 20. Bf3 Re6 21. Qc2 Qg5 22. Rfd1 Bxd3 23. Rxd3 Ne5 24. Rb3 Rae8 25. a4 Rf6 26. Be2 Rxf2 27. Kxf2 Ng4+ 28. Bxg4 Bd4+ 29. Kf1 Qf4+ 30. Bf3 Qxh2 31. Be4 Qg1+ 32. Ke2 Qxg2+ 33. Kd1 Qf1+ 34. Kd2 Qf4+ 35. Kd1 Rxe4 36. Qg2 Bf2 37. Qf3 Re1+ 38. Kc2 Qxf3 39. Rxf3 Rxa1 40. Rxf2 Rxa4 41. Rf6 h5 42. Rxc6 h4 43. b3 h3 44. Rd6 Ra1 0-1

[Event "EYTCC Open U18 2022"]
[Site "Thessaloniki"]
[Date "2022.07.12"]
[Round "1.13"]
[White "Herega, Nejc"]
[Black "Borhy, Marcell"]
[Result "1/2-1/2"]
[ECO "E48"]
[WhiteElo "2160"]
[BlackElo "2411"]
[Annotator "ChessBase"]
[PlyCount "85"]
[EventDate "2022.07.12"]
[EventType "team-tourn"]
[EventCountry "GRE"]
[SourceTitle "playchess.com"]
[Source "ChessBase"]
[SourceQuality "1"]
[WhiteTeam "Slovenia"]
[BlackTeam "Hungary"]
[WhiteTeamCountry "SLO"]
[BlackTeamCountry "HUN"]
[TimeControl "40/5400+30:1800+30"]

1. d4 Nf6 2. c4 e6 3. Nc3 Bb4 4. e3 O-O 5. Bd3 c5 6. Nge2 d5 7. cxd5 cxd4 8. exd4 Nxd5 9. O-O Nc6 10. Nxd5 Qxd5 11. Be3 Qh5 12. Rc1 Bd6 13. Ng3 Qxd1 14. Rfxd1 Nb4 15. Bc4 b5 16. Bxb5 Nxa2 17. Rc6 Rd8 18. Ne4 Bf8 19. Rc7 Nb4 20. Bg5 Rd5 21. Be8 Rf5 22. g4 Nd5 23. gxf5 Nxc7 24. Bc6 Rb8 25. Bf4 Rb6 26. Rc1 Na6 27. fxe6 fxe6 28. Bd6 Bxd6 29. Nxd6 Bd7 30. Bxd7 Rxd6 31. Bb5 Nb4 32. Rc8+ Kf7 33. Rc7+ Kf6 34. Rxa7 Rxd4 35. Be8 Rg4+ 36. Kf1 Nd3 37. Rf7+ Ke5 38. b3 Nc5 39. Ba4 g5 40. Rxh7 Rf4 41. Rc7 Nxa4 42. bxa4 Rxa4 43. Rc5+ 1/2-1/2

[Event "EYTCC Open U18 2022"]
[Site "Thessaloniki"]
[Date "2022.07.12"]
[Round "1.14"]
[White "Juhasz, Agoston"]
[Black "Olenik Campa, Rudi"]
[Result "1-0"]
[ECO "B30"]
[WhiteElo "2344"]
[BlackElo "2203"]
[Annotator "ChessBase"]
[PlyCount "73"]
[EventDate "2022.07.12"]
[EventType "team-tourn"]
[EventCountry "GRE"]
[SourceTitle "playchess.com"]
[Source "ChessBase"]
[SourceQuality "1"]
[WhiteTeam "Hungary"]
[BlackTeam "Slovenia"]
[WhiteTeamCountry "HUN"]
[BlackTeamCountry "SLO"]
[TimeControl "40/5400+30:1800+30"]

1. e4 c5 2. Nf3 Nc6 3. Nc3 e5 4. Bc4 d6 5. d3 Be7 6. Nd2 Nf6 7. Nf1 O-O 8. Ne3 Be6 9. O-O Re8 10. Ned5 Rb8 11. f4 exf4 12. Bxf4 Ne5 13. Bb5 Nfd7 14. Bxe5 dxe5 15. a4 Bg5 16. a5 Rf8 17. Kh1 g6 18. Qe2 h5 19. Bc4 a6 20. h3 Kg7 21. Rf3 Rh8 22. Kg1 Rc8 23. Ne3 Nb8 24. Raf1 Bxc4 25. Nxc4 Rf8 26. Nd5 Nc6 27. Qf2 f5 28. c3 f4 29. Ncb6 Nxa5 30. Nxc8 Qxc8 31. h4 Bd8 32. d4 Qg4 33. dxe5 Bxh4 34. Qxc5 Bg3 35. Qxa5 Qh4 36. Rxg3 Qxg3 37. e6 1-0

[Event "EYTCC Open U18 2022"]
[Site "Thessaloniki"]
[Date "2022.07.12"]
[Round "1.15"]
[White "Gregoric, Andraz"]
[Black "Palczert, Matyas"]
[Result "1/2-1/2"]
[ECO "B50"]
[WhiteElo "2199"]
[BlackElo "2321"]
[Annotator "ChessBase"]
[PlyCount "82"]
[EventDate "2022.07.12"]
[EventType "team-tourn"]
[EventCountry "GRE"]
[SourceTitle "playchess.com"]
[Source "ChessBase"]
[SourceQuality "1"]
[WhiteTeam "Slovenia"]
[BlackTeam "Hungary"]
[WhiteTeamCountry "SLO"]
[BlackTeamCountry "HUN"]
[TimeControl "40/5400+30:1800+30"]

1. e4 c5 2. Nf3 d6 3. c3 Nf6 4. h3 Nc6 5. Bd3 e5 6. Bc2 Qc7 7. O-O Be7 8. Qe2 O-O 9. Na3 a6 10. Nc4 Be6 11. Rd1 Nh5 12. d4 cxd4 13. cxd4 Nxd4 14. Nxd4 exd4 15. Rxd4 Nf6 16. Bf4 Rac8 17. Ne3 Nd7 18. Rad1 Ne5 19. Bb3 Rfd8 20. Nd5 Bxd5 21. Rxd5 Bf6 22. Qd2 h6 23. Rxd6 Rxd6 24. Qxd6 Qxd6 25. Rxd6 Nc4 26. Bxc4 Rxc4 27. e5 Rxf4 28. exf6 Rb4 29. b3 g5 30. Rd7 a5 31. g3 a4 32. bxa4 Rxa4 33. Rxb7 Rxa2 34. Rb6 Kh7 35. Kg2 Kg6 36. Rc6 Ra5 37. Rb6 Rf5 38. Rb4 Rxf6 39. Ra4 Rb6 40. Ra5 f5 41. Rc5 Ra6 1/2-1/2

[Event "EYTCC Open U18 2022"]
[Site "Thessaloniki"]
[Date "2022.07.12"]
[Round "1.16"]
[White "Pasztor, Balazs"]
[Black "Skrbec, Leon"]
[Result "1/2-1/2"]
[ECO "C67"]
[WhiteElo "2336"]
[BlackElo "2103"]
[Annotator "ChessBase"]
[PlyCount "99"]
[EventDate "2022.07.12"]
[EventType "team-tourn"]
[EventCountry "GRE"]
[SourceTitle "playchess.com"]
[Source "ChessBase"]
[SourceQuality "1"]
[WhiteTeam "Hungary"]
[BlackTeam "Slovenia"]
[WhiteTeamCountry "HUN"]
[BlackTeamCountry "SLO"]
[TimeControl "40/5400+30:1800+30"]

1. e4 e5 2. Nf3 Nc6 3. Bb5 Nf6 4. O-O Nxe4 5. Re1 Nd6 6. Nxe5 Be7 7. Bf1 Nf5 8. Nf3 O-O 9. d4 d5 10. Nc3 Bf6 11. Ne2 Re8 12. c3 g6 13. h3 Nce7 14. g4 Nd6 15. Ng3 Bg7 16. Bf4 b6 17. b4 Bb7 18. Qb3 Nec8 19. Be5 Ne4 20. Nxe4 dxe4 21. Bc4 Rf8 22. Nh2 Qd7 23. b5 Nd6 24. Bf1 Rae8 25. Bf4 Kh8 26. Rad1 h6 27. c4 g5 28. Bc1 c6 29. a4 c5 30. dxc5 bxc5 31. Be3 Qc7 32. Qa3 Re5 33. Rd2 Bc8 34. Red1 Nb7 35. a5 Nxa5 36. Ra2 Nb7 37. Qxa7 f5 38. gxf5 Rexf5 39. Bg2 Re5 40. Rad2 Rf7 41. Rd5 Be6 42. Rxe5 Qxe5 43. Ng4 Qf5 44. Qa8+ Kh7 45. Qe8 h5 46. Nh2 Bd4 47. Qc6 Kg7 48. Rxd4 cxd4 49. Bxd4+ Kf8 50. Nf1 1/2-1/2

[Event "EYTCC Open U18 2022"]
[Site "Thessaloniki"]
[Date "2022.07.12"]
[Round "1.17"]
[White "Budisavljevic, Luka"]
[Black "Ratnesan, Ranesh"]
[Result "1-0"]
[ECO "D36"]
[WhiteElo "2511"]
[BlackElo "2269"]
[Annotator "ChessBase"]
[PlyCount "47"]
[EventDate "2022.07.12"]
[EventType "team-tourn"]
[EventCountry "GRE"]
[SourceTitle "playchess.com"]
[Source "ChessBase"]
[SourceQuality "1"]
[WhiteTeam "Serbia"]
[BlackTeam "England"]
[WhiteTeamCountry "SRB"]
[BlackTeamCountry "ENG"]
[TimeControl "40/5400+30:1800+30"]

1. d4 d5 2. c4 e6 3. Nc3 Nf6 4. cxd5 exd5 5. Bg5 c6 6. e3 Be7 7. Bd3 Nbd7 8. Qc2 h6 9. Bf4 Nh5 10. Be5 Nxe5 11. dxe5 d4 12. exd4 Qxd4 13. Nf3 Qg4 14. O-O-O Qxg2 15. Be4 Bg4 16. Rdg1 Qh3 17. Nd4 O-O 18. Kb1 Bg5 19. Rg3 Qh4 20. Rhg1 f5 21. exf6 Nxf6 22. Bf5 Bh5 23. Ne6 Kh8 24. f4 1-0

[Event "EYTCC Open U18 2022"]
[Site "Thessaloniki"]
[Date "2022.07.12"]
[Round "1.18"]
[White "Stoica, Savas Marin"]
[Black "Tadic, Stefan"]
[Result "0-1"]
[ECO "A57"]
[WhiteElo "2092"]
[BlackElo "2356"]
[Annotator "ChessBase"]
[PlyCount "82"]
[EventDate "2022.07.12"]
[EventType "team-tourn"]
[EventCountry "GRE"]
[SourceTitle "playchess.com"]
[Source "ChessBase"]
[SourceQuality "1"]
[WhiteTeam "England"]
[BlackTeam "Serbia"]
[WhiteTeamCountry "ENG"]
[BlackTeamCountry "SRB"]
[TimeControl "40/5400+30:1800+30"]

1. d4 Nf6 2. c4 c5 3. d5 b5 4. cxb5 a6 5. f3 g6 6. e4 Bg7 7. e5 Ng8 8. f4 d6 9. Nf3 Nh6 10. Nc3 O-O 11. Be2 axb5 12. Bxb5 Bg4 13. O-O Nf5 14. h3 Bxf3 15. Qxf3 dxe5 16. d6 Ra7 17. dxe7 Rxe7 18. Rd1 Nd4 19. Qd5 Qxd5 20. Nxd5 Rb7 21. Bd3 Rd8 22. Nc3 exf4 23. Bxf4 Rxb2 24. Rac1 Ne6 25. Bxb8 Rdxb8 26. Bc4 Nf4 27. Bf1 Bxc3 28. Rxc3 Rxg2+ 29. Bxg2 Ne2+ 30. Kf2 Nxc3 31. Rd2 Re8 32. Rc2 Nd1+ 33. Kf3 Re3+ 34. Kf4 Ra3 35. Bf3 Nc3 36. h4 Kg7 37. h5 Kf6 38. hxg6 hxg6 39. Bc6 Nxa2 40. Rxc5 Nb4 41. Be4 Nd3+ 0-1

[Event "EYTCC Open U18 2022"]
[Site "Thessaloniki"]
[Date "2022.07.12"]
[Round "1.19"]
[White "Ivanovic, Marko"]
[Black "Cont, Arya"]
[Result "1-0"]
[ECO "C42"]
[WhiteElo "2310"]
[BlackElo "1968"]
[Annotator "ChessBase"]
[PlyCount "69"]
[EventDate "2022.07.12"]
[EventType "team-tourn"]
[EventCountry "GRE"]
[SourceTitle "playchess.com"]
[Source "ChessBase"]
[SourceQuality "1"]
[WhiteTeam "Serbia"]
[BlackTeam "England"]
[WhiteTeamCountry "SRB"]
[BlackTeamCountry "ENG"]
[TimeControl "40/5400+30:1800+30"]

1. e4 e5 2. Nf3 Nf6 3. Nxe5 d6 4. Nf3 Nxe4 5. d4 d5 6. Bd3 Bd6 7. O-O O-O 8. Re1 Bf5 9. c4 c6 10. Nc3 Nxc3 11. bxc3 Bxd3 12. Qxd3 dxc4 13. Qxc4 Nd7 14. Bg5 Qc7 15. Re4 h6 16. Bh4 Nb6 17. Qd3 Rae8 18. Rae1 Qd7 19. c4 Bb4 20. R1e3 Rxe4 21. Rxe4 Re8 22. Ne5 Qe6 23. f3 f6 24. Qe2 Qd6 25. Bf2 fxe5 26. c5 Qd8 27. cxb6 Qxb6 28. dxe5 c5 29. h3 Qe6 30. f4 Rd8 31. Qf3 c4 32. f5 Qc6 33. f6 a5 34. Qg4 Qd7 35. Rd4 1-0